 Dungeon Sprint DCSS version 0.21-a0-39-g28ea6b7 (webtiles) character file.

39217 PhlogistonFlux the Naga Aeon (level 14, 0/123 HPs)
             Began as a Naga Transmuter on May 30, 2017.
             Was the Champion of Cheibriados.
             Slain by an ettin
             ... wielding a +0 dire flail
              (24 damage)
             ... in the Dungeon (Sprint IX: "|||||||||||||||||||||||||||||").
             The game lasted 00:07:20 (4508 turns).

PhlogistonFlux the Naga Aeon (Naga Transmuter)      Turns: 4508, Time: 00:07:21

Health: 0/123      AC: 18    Str: 31    XL:     14   Next: 5%
Magic:  15/38      EV: 12    Int: 32    God:    Cheibriados [******]
Gold:   1313       SH:  0    Dex: 28    Spells: 20/30 levels left

rFire    + . .     SeeInvis +     - Unarmed
rCold    . . .     Gourm    .   (shield currently unavailable)
rNeg     . . .     Faith    .   G - +0 storm dragon scales
rPois    +         Spirit   .   o - +0 helmet
rElec    +         Reflect  .   F - +1 cloak
rCorr    .         Harm     .   (gloves currently unavailable)
MR       +++..     NoTele   +   (no barding)
Stlth    ..........             (no amulet)
Regen    0.3/turn               B - ring "Uhantogh" {*Drain +Inv MR++ MP+9 Int+3}
MPRegen  0.3/turn               E - ring of protection from fire

@: blade hands, very slow
A: see invisible, deformed body, poison resistance, slowness 2, slow metabolism
1, spit poison 1, constrict 1, AC +4
a: Spit Poison, End Transformation, Bend Time, Temporal Distortion, Slouch, Step
From Time, Renounce Religion, Evoke Invisibility


You were in the Dungeon.
You worshipped Cheibriados.
Cheibriados was exalted by your worship.
You were not hungry.
You had blades for hands.
You visited 1 branch You collected 1941 gold pieces.
You spent 628 gold pieces at shops.

Inventory:

Missiles
 a - 79 arrows
Armour
 o - a +0 helmet (worn)
 F - a +1 cloak (worn)
 G - +0 storm dragon scales (worn)
Jewellery
 B - the ring "Uhantogh" (left scythe-like blade) {*Drain +Inv MR++ MP+9 Int+3}
   (You bought it in a shop in the Dungeon)

   [ring of magical power]

   It affects your intelligence (+3).
   It affects your resistance to hostile enchantments.
   It affects your magic capacity (+9).
   It lets you turn invisible.
   It causes draining when unequipped.
 E - a ring of protection from fire (right scythe-like blade)
Wands
 b - a wand of iceblast (12/15)
 m - a wand of acid (0/15)
Scrolls
 j - 2 scrolls of blinking
 k - 3 scrolls of remove curse
 l - 2 scrolls of amnesia
 s - 2 scrolls of fear
 t - 2 scrolls of recharging
 u - 2 scrolls of identify
 v - 5 scrolls of enchant armour
 y - 4 scrolls of fog
Potions
 e - 9 potions of curing
 f - a potion of brilliance
 g - 2 potions of haste
 h - 4 potions of magic
 q - a potion of invisibility
 w - 2 potions of mutation
 A - a potion of degeneration {unknown}
 H - a potion of agility
Books
 c - a book of Changes

   Spells                             Type                      Level
   a - Beastly Appendage              Transmutation                1
   b - Sticks to Snakes               Transmutation                2
   c - Spider Form                    Transmutation/Poison         3
   d - Ice Form                       Ice/Transmutation            4
   e - Blade Hands                    Transmutation                5
Comestibles
 d - 10 bread rations
 x - 40 fruits
 z - 12 meat rations


   Skills:
 + Level 7.2 Fighting
 + Level 10.7 Armour
 + Level 6.0 Dodging
 + Level 19.0 Unarmed Combat
 - Level 8.8 Spellcasting
 * Level 11.7 Transmutations
 * Level 23.6 Invocations


You had 20 spell levels left.
You knew the following spells:

 Your Spells              Type           Power        Failure   Level  Hunger
a - Beastly Appendage     Tmut           ######       7%          1    None
b - Ice Form              Ice/Tmut       ######..     47%         4    None
c - Blade Hands           Tmut           ######....   24%         5    ###....


Dungeon Overview and Level Annotations

Branches:
Dungeon (1/1)

Altars:
Cheibriados
Dithmenos
Elyvilon
Fedhas
Gozag
Hepliaklqana
Kikubaaqudgha
Makhleb
Nemelex Xobeh
Okawaru
Qazlal
Ru
Sif Muna
Trog
Uskayaw
Vehumet
Wu Jian
Xom
Yredelemnul
Zin
The Shining One
Beogh
Jiyva
Lugonu

Shops:
D %*=?

Annotations:
D Sonja


Innate Abilities, Weirdness & Mutations

You cannot wear boots.
Your serpentine skin is tough. (AC +4)
You have supernaturally acute eyesight. (SInv)
Armour fits poorly on your strangely shaped body.
Your system is resistant to poisons. (rPois)
You cover ground very slowly.
You have a slow metabolism.
You can spit poison.
You can use your snake-like lower body to constrict enemies.


Message History

The ettin shouts in stereo!
A glowing orange brain and a hell knight come into view.
The hell knight is wielding a demon blade of pain.
Things that are here:
a large rock; a stone giant corpse Unknown command.
The hell knight shouts!
The ettin hits you with a dire flail!
* * * LOW HITPOINT WARNING * * *
The ettin hits you with a dire flail!
* * * LOW HITPOINT WARNING * * *
A yaktaur captain and a deep troll earth mage come into view.
Things that are here:
5 large rocks; a stone giant corpse; an ugly thing corpse Unknown command.
The deep troll earth mage shouts!
You hit the ettin but do no damage. You slash the ettin!
The ettin is moderately wounded.
The ettin hits you with a dire flail!!
You die...

▓▓▓▓▓▓▓▓▓▓▓▓▓▓▓▓▓▓▓▓▓▓▓▓
c.T[pGC@('(.............
▓▓▓▓▓▓▓▓▓▓▓▓▓▓▓▓▓▓▓▓▓▓▓▓▓▓▓▓▓▓▓▓▓
....)............................
♣▓▓▓▓▓▓▓▓▓▓▓▓▓▓▓▓▓▓▓▓▓▓▓▓▓▓▓▓▓▓▓▓
'.....)[.)).......†.'............
♣▓▓▓▓▓▓▓▓▓▓▓▓▓▓▓▓▓▓▓▓▓▓▓▓▓▓▓▓▓▓▓▓
........)........................
▓▓▓▓▓▓▓▓▓▓▓▓▓▓▓▓▓▓▓▓▓▓▓▓▓▓▓▓▓▓▓▓▓
..!.[[[.[[.[.)))))))).."..'......


You could see a yaktaur captain, an ettin, a hell knight, a glowing orange brain
and a deep troll earth mage.

Vanquished Creatures
  A nagaraja (D)
  A fire giant (D)
  4 stone giants (D)
  A merfolk javelineer (D)
  A fire dragon (D)
  2 hydras (D)
  An ogre mage (D)
  Erolcha (D)
  2 ice dragons (D)
  Harold (D)
  A naga warrior (D)
  2 centaur warriors (D)
  Erica (D)
  2 two-headed ogres (D)
  An alligator (D)
  A tengu warrior (D)
  2 orc high priests (D)
  A naga sharpshooter (D)
  A shock serpent (D)
  A vampire mage (D)
  Nergalle (D)
  2 lindwurms (D)
  A necromancer (D)
  6 orc knights (D)
  2 wolf spiders (D)
  An orc sorcerer (D)
  3 ugly things (D)
  3 manticores (D)
  A naga mage (D)
  Maurice (D)
  3 black mambas (D)
  2 water nymphs (D)
  3 spiny frogs (D)
  A demonic crawler (D)
  A yaktaur (D)
  A rime drake (D)
  A merfolk (D)
  2 jumping spiders (D)
  A tyrant leech (D)
  2 wind drakes (D)
  2 hornets (D)
  A bog body (D)
  A dream sheep (D)
  A hippogriff (D)
  A slime creature (D)
  2 redbacks (D)
  A wyvern (D)
  A tarantella (D)
  2 yaks (D)
  A hungry ghost (D)
  A steam dragon (D)
  3 vampire mosquitoes (D)
  A naga (D)
  11 orc warriors (D)
  A sky beast (D)
  A swamp drake (D)
  A wolf (D)
  3 crocodiles (D)
  5 bullfrogs (D)
  A scorpion (D)
  A killer bee (D)
  A crimson imp (D)
  2 hounds (D)
  A jelly (D)
  An orc priest (D)
  7 orc wizards (D)
  An adder skeleton (D)
  5 worms (D)
  14 orcs (D)
  2 bat skeletons (D)
  2 goblins (D)
  2 ball pythons (D)
  A frilled lizard (D)
  A kobold (D)
148 creatures vanquished.

Vanquished Creatures (others)
  A hungry ghost (D)
1 creature vanquished.

Grand Total: 149 creatures vanquished

Notes
Turn   | Place    | Note
-------+----------+-------------------------------------------
     0 | D        | PhlogistonFlux the Naga Transmuter began the quest for the Orb.
     0 | D        | Reached XP level 1. HP: 18/18 MP: 3/3
   385 | D        | Noticed a scorpion
   385 | D        | Noticed a crimson imp
   393 | D        | Killed a crimson imp
   393 | D        | Reached XP level 2. HP: 25/25 MP: 3/5
   393 | D        | Reached XP level 3. HP: 31/31 MP: 3/6
   396 | D        | Killed a scorpion
   396 | D        | Reached XP level 4. HP: 38/38 MP: 3/7
   427 | D        | Found a roughly hewn altar of Beogh.
   427 | D        | Found a snail-covered altar of Cheibriados.
   427 | D        | Found a shadowy altar of Dithmenos.
   427 | D        | Found a white marble altar of Elyvilon.
   427 | D        | Found a blossoming altar of Fedhas.
   427 | D        | Found an opulent altar of Gozag.
   428 | D        | Found a hazy altar of Hepliaklqana.
   429 | D        | Found a viscous altar of Jiyva.
   430 | D        | Found an ancient bone altar of Kikubaaqudgha.
   431 | D        | Became a worshipper of Cheibriados the Contemplative
   432 | D        | Found a corrupted altar of Lugonu.
   433 | D        | Found a burning altar of Makhleb.
   434 | D        | Found a sparkling altar of Nemelex Xobeh.
   435 | D        | Found an iron altar of Okawaru.
   436 | D        | Found a stormy altar of Qazlal.
   437 | D        | Found a sacrificial altar of Ru.
   438 | D        | Found a deep blue altar of Sif Muna.
   439 | D        | Found a bloodstained altar of Trog.
   440 | D        | Found a hide-covered altar of Uskayaw.
   441 | D        | Found a radiant altar of Vehumet.
   442 | D        | Found an ornate altar of the Wu Jian Council.
   443 | D        | Found a shimmering altar of Xom.
   444 | D        | Found a basalt altar of Yredelemnul.
   445 | D        | Found a glowing silver altar of Zin.
   446 | D        | Found a glowing golden altar of the Shining One.
   495 | D        | Noticed a hungry ghost
   495 | D        | Noticed a sky beast
   496 | D        | Reached skill level 1 in Invocations
   496 | D        | Reached XP level 5. HP: 44/44 MP: 8/8
   498 | D        | Reached * piety under Cheibriados
   498 | D        | Reached skill level 5 in Transmutations
   498 | D        | Reached skill level 2 in Invocations
   500 | D        | Reached ** piety under Cheibriados
   504 | D        | Killed a sky beast
   504 | D        | Reached skill level 10 in Unarmed Combat
   504 | D        | Reached skill level 3 in Invocations
   504 | D        | Reached XP level 6. HP: 42/52 MP: 8/11
   511 | D        | Killed a hungry ghost
   511 | D        | Reached skill level 1 in Armour
   511 | D        | Reached skill level 4 in Invocations
   511 | D        | Reached XP level 7. HP: 42/60 MP: 9/13
   601 | D        | Noticed a two-headed ogre
   601 | D        | Noticed a centaur warrior
   601 | D        | Noticed a hungry ghost
   603 | D        | Killed a hungry ghost
   603 | D        | Reached skill level 5 in Invocations
   609 | D        | Killed a centaur warrior
   609 | D        | Reached *** piety under Cheibriados
   609 | D        | Reached skill level 5 in Spellcasting
   609 | D        | Reached skill level 7 in Invocations
   609 | D        | Reached XP level 8. HP: 48/69 MP: 13/15
   615 | D        | HP: 1/69 [two-headed ogre/giant club (22)]
   622 | D        | HP: 1/69 [two-headed ogre/giant club (12)]
   625 | D        | Killed a two-headed ogre
   625 | D        | Reached skill level 8 in Invocations
   625 | D        | Reached XP level 9. HP: 21/78 MP: 14/16
   628 | D        | Reached **** piety under Cheibriados
   977 | D        | Noticed a five-headed hydra
   977 | D        | Noticed a spiny frog
   977 | D        | Noticed a spiny frog
   980 | D        | Killed a spiny frog
   980 | D        | Reached ***** piety under Cheibriados
   980 | D        | Reached skill level 9 in Invocations
   980 | D        | Killed a spiny frog
   980 | D        | Reached skill level 5 in Armour
   980 | D        | Reached skill level 15 in Unarmed Combat
   982 | D        | Noticed a rime drake
   982 | D        | Killed a rime drake
   983 | D        | Killed a five-headed hydra
   983 | D        | Reached skill level 5 in Fighting
   983 | D        | Reached skill level 5 in Dodging
   983 | D        | Reached skill level 10 in Invocations
   983 | D        | Reached XP level 10. HP: 88/88 MP: 1/18
  1240 | D        | Reached ****** piety under Cheibriados
  1403 | D        | Noticed a lindwurm
  1403 | D        | Noticed a lindwurm
  1408 | D        | Killed a lindwurm
  1408 | D        | Reached skill level 11 in Invocations
  1408 | D        | Killed a lindwurm
  1460 | D        | Noticed Erica
  1466 | D        | Killed Erica
  1466 | D        | Reached skill level 12 in Invocations
  1466 | D        | Reached XP level 11. HP: 93/97 MP: 14/20
  1510 | D        | Noticed Maurice
  1516 | D        | Killed Maurice
  1516 | D        | Reached skill level 13 in Invocations
  1557 | D        | Noticed an orc knight
  1566 | D        | Killed an orc knight
  1662 | D        | Noticed an orc knight
  1663 | D        | Reached skill level 14 in Invocations
  1671 | D        | Killed an orc knight
  1958 | D        | Found Ferery's Magic Scroll Boutique.
  1958 | D        | Noticed an orc knight
  1958 | D        | Noticed an orc knight
  1964 | D        | Noticed an orc high priest
  1964 | D        | Killed an orc knight
  1965 | D        | Killed an orc knight
  1965 | D        | Reached skill level 15 in Invocations
  1970 | D        | Killed an orc high priest
  2041 | D        | Found Qeawiu's Jewellery Shop.
  2045 | D        | Found Kyimyaru's Assorted Antiques.
  2048 | D        | Found Caifoica's Food Shop.
  2048 | D        | Noticed an orc knight
  2049 | D        | Noticed an orc high priest
  2050 | D        | Noticed an orc sorcerer
  2055 | D        | Noticed an orc knight
  2055 | D        | Killed an orc knight
  2055 | D        | Reached skill level 16 in Invocations
  2055 | D        | Killed an orc high priest
  2055 | D        | Killed an orc sorcerer
  2061 | D        | Killed an orc knight
  2222 | D        | Bought a scroll labeled BYKKOR HOAC for 19 gold pieces
  2222 | D        | Bought a fuming coppery potion for 17 gold pieces
  2224 | D        | Bought the ring "Uhantogh" {*Drain +Inv MR++ MP+9 Int+3} for 517 gold pieces
  2226 | D        | Bought a scroll of enchant armour for 75 gold pieces
  2335 | D        | Noticed Harold
  2358 | D        | Killed Harold
  2358 | D        | Reached skill level 17 in Invocations
  2358 | D        | Reached XP level 12. HP: 66/105 MP: 24/24
  2704 | D        | Noticed an ogre mage
  2706 | D        | Killed an ogre mage
  2707 | D        | Noticed a centaur warrior
  2709 | D        | Noticed a fire giant
  2710 | D        | Noticed a two-headed ogre
  2710 | D        | Killed a centaur warrior
  2710 | D        | Reached skill level 18 in Invocations
  2711 | D        | Killed a two-headed ogre
  2713 | D        | Killed a fire giant
  2713 | D        | Reached skill level 19 in Invocations
  2714 | D        | Noticed a fire dragon
  2715 | D        | Noticed an ice dragon
  2718 | D        | Noticed a tengu warrior
  2725 | D        | Killed a fire dragon
  2726 | D        | Noticed a vampire mage
  2731 | D        | Killed a tengu warrior
  2735 | D        | Killed an ice dragon
  2740 | D        | HP: 3/106 [vampire mage (10)]
  2742 | D        | Killed a vampire mage
  2742 | D        | Reached skill level 20 in Invocations
  3188 | D        | Noticed Erolcha
  3191 | D        | Killed Erolcha
  3239 | D        | Gained mutation: You can use your snake-like lower body to constrict enemies. [Naga growth]
  3239 | D        | Reached XP level 13. HP: 110/112 MP: 27/27
  3295 | D        | Noticed a nagaraja
  3302 | D        | Reached skill level 21 in Invocations
  3304 | D        | Reached skill level 10 in Transmutations
  3309 | D        | Killed a nagaraja
  3588 | D        | Reached skill level 10 in Armour
  3588 | D        | Reached skill level 22 in Invocations
  3598 | D        | Learned a level 4 spell: Ice Form
  3604 | D        | Learned a level 5 spell: Blade Hands
  3787 | D        | Noticed a merfolk javelineer
  3793 | D        | Killed a merfolk javelineer
  4177 | D        | Noticed Sonja
  4185 | D        | Noticed Nergalle
  4190 | D        | Killed Nergalle
  4499 | D        | Noticed a stone giant
  4499 | D        | Noticed a stone giant
  4499 | D        | Noticed a stone giant
  4499 | D        | Noticed a stone giant
  4501 | D        | Noticed an ice dragon
  4504 | D        | Killed a stone giant
  4504 | D        | Reached skill level 23 in Invocations
  4505 | D        | Killed a stone giant
  4505 | D        | Killed a stone giant
  4505 | D        | Killed a stone giant
  4505 | D        | Reached XP level 14. HP: 42/123 MP: 18/29
  4508 | D        | Slain by an ettin

Vault maps used:
D:        linesprint

Skill      XL: |  1  2  3  4  5  6  7  8  9 10 11 12 13 14 |
---------------+-------------------------------------------+-----
Unarmed Combat | 6 8 10 11 13 14 15 17 18 19 | 19.0
Transmutations | 3 4 5 6 7 9 11 | 11.7
Invocations    | 1 3 4 7 8 10 12 17 20 23 | 23.6
Dodging        | 2 3 4 5 6 |  6.0
Spellcasting   | 3 4 5 7 8 |  8.8
Fighting       | 2 3 5 6 7 |  7.2
Armour         | 1 2 3 5 7 8 9 10 | 10.7

Action                   |  1- 3 |  4- 6 |  7- 9 | 10-12 | 13-15 || total
-------------------------+-------+-------+-------+-------+-------++-------
Melee: Unarmed           |    19 |    13 |    22 |    86 |    36 ||   176
       Headbutt          |     5 |       |       |       |       ||     5
       Punch             |       |     1 |     3 |    12 |     5 ||    21
       Constrict         |       |       |       |       |    11 ||    11
 Cast: Beastly Appendage |     2 |       |       |       |       ||     2
       Blade Hands       |       |       |       |       |     4 ||     4
Invok: Slouch            |       |       |     3 |    32 |    17 ||    52
 Abil: Spit Poison       |     1 |       |     2 |     8 |       ||    11
Evoke: Wand              |       |     6 |     1 |       |       ||     7
  Use: Potion            |     1 |       |     4 |     2 |       ||     7
 Stab: Invisible         |       |       |     8 |       |       ||     8
  Eat: Chunk             |       |       |     2 |     2 |       ||     4
       Bread ration      |       |       |       |     2 |     1 ||     3
Armor: Robe              |     3 |       |       |       |       ||     3
       Scale mail        |       |     3 |     6 |    12 |       ||    21
       Storm dragon scal |       |       |       |    21 |    34 ||    55
Dodge: Dodged            |     5 |     2 |    15 |    64 |    34 ||   120
